 Dungeon Crawl Stone Soup version 0.31-a0-1612-g4aaf141 (webtiles) character file.

Game seed: 16961576451254602431

1326 PidgeyThePirate the Ruffian (level 8, -1/56 HPs)
             Began as a Demonspawn Shapeshifter on Jan 9, 2024.
             Slain by an ogre
             ... wielding a +0 giant club
              (15 damage)
             ... on level 6 of the Dungeon.
             The game lasted 00:10:40 (5243 turns).

PidgeyThePirate the Ruffian (DsSh)                  Turns: 5243, Time: 00:10:41

Health: -1/56      AC:  2    Str: 17    XL:     8   Next: 34%
Magic:  8/8        EV: 13    Int: 10    God:
Gold:   275        SH:  0    Dex: 15    Spells: 7/7 levels left

rFire   + .          .
                       - Unarmed
rCold   + . .        (no shield)
rNeg    . . .        a - +0 animal skin
rPois   .            (helmet currently unavailable)
rElec   .            (cloak currently unavailable)
rCorr   .            (gloves currently unavailable)
SInv    .            (boots currently unavailable)
Will    .....        (no amulet)
Stlth   +++          h - ring of protection from fire
HPRegen 0.29/turn    r - ring of protection from cold
MPRegen 0.11/turn

%: no passive effects
@: beast-form
A: beast (slay +2), hooves 1, thin skeletal structure 1, foul stench 1
a: Begin Untransformation


You were on level 6 of the Dungeon.
You were a hulking beast.
You visited 1 branch of the dungeon, and saw 6 of its levels.
You also visited: Ossuary.

You collected 275 gold pieces.

Inventory:

Missiles
 j - 2 throwing nets (quivered)
Armour
 a - a +0 animal skin (worn)
 v - a +0 pair of boots
Jewellery
 h - a ring of protection from fire (left hand)
 r - a ring of protection from cold (right hand)
 w - a ring of resist corrosion
 z - a +6 ring of intelligence
Talismans
 c - a beast talisman
 d - a flux talisman
 k - a dragon-blood talisman
Wands
 i - a wand of iceblast (12)
 y - a wand of flame (10)
Scrolls
 e - 4 scrolls of fear
 g - 7 scrolls of teleportation
 l - a scroll of identify {unknown}
 m - a scroll of noise {unknown}
 n - a scroll of fog {unknown}
 p - a scroll of immolation {unknown}
 s - a scroll of enchant weapon {unknown}
 t - a scroll of blinking {unknown}
 x - a scroll of brand weapon {unknown}
Potions
 b - 3 potions of invisibility {unknown}
 f - a potion of curing
 o - a potion of might {unknown}
 q - a potion of resistance {unknown}
 u - a potion of haste {unknown}
 A - a potion of ambrosia {unknown}


   Skills:
 + Level 2.2 Fighting
 + Level 3.3 Dodging
 + Level 2.6 Stealth
 * Level 7.7 Unarmed Combat
 * Level 4.3 Shapeshifting


You had 7 spell levels left.
You didn't know any spells.
Your spell library contained the following spells:

 Spells                   Type           Power      Damage    Failure   Level
 Magic Dart               Conj           0%         1d3       36%         1
 Sandblast                Erth           0%         2d4       36%         1
 Lesser Beckoning         Tloc           0%         N/A       50%         2
 Searing Ray              Conj           0%         2d4       50%         2
 Gell's Gravitas          Tloc           0%         N/A       75%         3
 Passwall                 Erth           0%         N/A       75%         3
 Stone Arrow              Conj/Erth      0%         3d7       75%         3
 Teleport Other           Tloc           0%         N/A       75%         3
 Brom's Barrelling Bould  Conj/Erth      0%         2d3       98%         4
 Fulminant Prism          Conj/Alch      0%         3d5       98%         4


Dungeon Overview and Level Annotations

Branches:
Dungeon (6/15)            Ossuary (visited)
 Temple: D:4-7

Altars:
Uskayaw

Annotations:
D:2 1 runed translucent door, Crazy Yiuf


Innate Abilities, Weirdness & Mutations

You are a hulking beast.
Your limbs bulge with bestial killing power. (Slay +2)
You have large cloven feet.
You have a somewhat thin skeletal structure. (Dex +2, Stealth+)
You may rarely emit foul miasma when damaged in melee.


Message History

You hit the hound.
The hound is moderately wounded.
The hound barely misses you.
You punch the hound! You kick the hound.
You kill the hound!
The orc wizard hits you but does no damage.
You miss the orc wizard. You kick the orc wizard.
The orc wizard is lightly wounded.
You miss the orc wizard.
The orc wizard is lightly wounded.
The orc wizard hits you with a +0 dagger.
You hit the orc wizard. You punch the orc wizard.
The orc wizard is almost dead.
The orc wizard casts a spell.
The orc wizard flickers and vanishes!
Deactivating autopickup; reactivate with Ctrl-A.
You hear some strange, mumbled words.
You are confused.
You hit the ogre. You kick the ogre.
The ogre is moderately wounded.
You hear some strange, mumbled words.
A magic dart appears from out of thin air!
The magic dart hits you!
* * * LOW HITPOINT WARNING * * *
The ogre misses you.
You feel better.
You hear some strange, mumbled words.
A magic dart appears from out of thin air!
The magic dart hits you!
You punch the ogre! You kick the ogre.
The ogre is almost dead.
The ogre closely misses you.
You hear some strange, mumbled words.
A magic dart appears from out of thin air!
The magic dart hits you!
* * * LOW HITPOINT WARNING * * *
You feel better. Something hits you.
* * * LOW HITPOINT WARNING * * *
The ogre hits you with a +0 giant club!
You die...

.. ... .# .#
....#..#.##.#
....#../....#
#.........#.###
...#?....#...###
#.#>............
#.#.#.!)†.........
..#....{O.........
#.....#.h.........
..#...............
...........#....##
####.......#.####
#.........##
#.#.)......#
...#...#...##
#.###.......#...
#. #....<.......


You could see an ogre.

Vanquished Creatures
  2 ice beasts
  2 ogres
  2 elf zombies (D:4)
  2 elf skeletons (D:4)
  A scorpion (D:4)
  A howler monkey (D:5)
  2 bombardier beetles (D:4)
  3 centaur zombies (Ossuary)
  2 hounds
  A human skeleton (D:4)
  An orc wizard (D:4)
  An iguana (D:5)
  4 crocodile zombies (Ossuary)
  3 mummies (Ossuary)
  3 gnolls (D:5)
  Robin (D:2)
  8 adders
  A white imp (D:3)
  A ribbon worm (D:3)
  4 dart slugs
  7 orcs
  6 endoplasms
  2 giant cockroaches
  9 goblins
  11 hobgoblins
  2 jackals (D:5)
  4 quokkas
  7 ball pythons
  4 bats
  3 frilled lizards
  A gnoll zombie (Ossuary)
  7 kobolds
  3 kobold zombies (Ossuary)
  An orc zombie (D:4)
  5 rats
117 creatures vanquished.

Notes
Turn   | Place    | Note
-------+----------+-------------------------------------------
     0 | D:1      | PidgeyThePirate the Demonspawn Shapeshifter began the quest
                  | for the Orb.
     0 | D:1      | Reached XP level 1. HP: 15/15 MP: 1/1
   172 | D:1      | Gained mutation: You have large cloven feet. [demonic
                  | ancestry]
   172 | D:1      | Reached XP level 2. HP: 6/21 MP: 2/2
   358 | D:1      | Reached skill level 3 in Unarmed Combat
   876 | D:2      | Gained mutation: You may rarely emit foul miasma when
                  | damaged in melee. [demonic ancestry]
   876 | D:2      | Reached XP level 3. HP: 22/26 MP: 3/3
  1021 | D:2      | Found a hide-covered altar of Uskayaw.
  1336 | D:2      | Noticed Robin
  1379 | D:2      | Killed Robin
  1380 | D:2      | Gained mutation: You have a somewhat thin skeletal
                  | structure. (Dex +2, Stealth+) [demonic ancestry]
  1380 | D:2      | Reached XP level 4. HP: 24/32 MP: 4/4
  1716 | D:2      | Found a runed translucent door.
  1717 | D:2      | Noticed Crazy Yiuf
  2205 | D:3      | Reached skill level 1 in Stealth
  2397 | D:3      | Reached skill level 4 in Unarmed Combat
  2796 | D:4      | Reached XP level 5. HP: 26/37 MP: 5/5
  2993 | D:4      | Reached XP level 6. HP: 35/43 MP: 6/6
  3006 | D:4      | Found a sand-covered staircase.
  3026 | D:4      | Reached skill level 5 in Unarmed Combat
  3028 | Ossuary  | Entered an ossuary
  3166 | Ossuary  | Reached XP level 7. HP: 24/49 MP: 7/7
  3574 | D:4      | Reached skill level 6 in Unarmed Combat
  3998 | D:4      | Reached skill level 7 in Unarmed Combat
  4509 | D:5      | Entered Level 5 of the Dungeon
  4603 | D:5      | Reached XP level 8. HP: 51/56 MP: 8/8
  5243 | D:6      | Slain by an ogre

Illustrated notes

Levels and vault maps discovered:
D:1:      scummos_arrival_checkerplants, layout_loops_ring,
          grunt_decor_arrowhead, chequers_serial_rivers_small_b
D:2:      layout_loops_cross, basic_altar, grunt_decor_mini_mirrors,
          minmay_misc_feat_iff, uniq_robin, uniq_crazy_yiuf_cottage
D:3:      minmay_general_purpose_star, layout_loops_ring
D:4:      layout_loops_ring, nicolae_ossuary_entry_catacombs
D:5:      layout_basic, nicolae_kite_square_tiling_tiny, minivault_1,
          corner_web_ring, serial_bayou_crossing
D:6:      layout_basic, nicolae_gozag_seed_capital

Skill      XL: |  1  2  3  4  5  6  7 |
---------------+----------------------+-----
Unarmed Combat | 3 4 5 7 |  7.7
Shapeshifting  | 3 4 |  4.3
Dodging        | 2 3 |  3.3
Stealth        | 1 2 |  2.6
Fighting       | 2 |  2.2

Action                     |  1- 3 |  4- 6 |  7- 9 || total
---------------------------+-------+-------+-------++-------
  Melee: Unarmed           |    89 |   173 |   132 ||   394
         Punch             |     1 |     7 |    11 ||    19
         Kick              |    14 |    42 |    42 ||    98
    Use: Potion            |     2 |     3 |     3 ||     8
         Scroll            |     1 |       |     2 ||     3
   Stab: Sleeping          |     2 |     4 |     7 ||    13
         Fleeing           |     1 |       |       ||     1
         Distracted        |       |       |     1 ||     1
 Armour: Animal skin       |    67 |    78 |    81 ||   226
         Skin              |       |    39 |       ||    39
  Dodge: Dodged            |    69 |    88 |    61 ||   218

Table legend: (Time is in decaauts)
 A = Elapsed time spent in this place.
 B = Non-inter-level travel time spent in this place.
 C = Inter-level travel time spent in this place.
 D = Time resting spent in this place.
 E = Time spent auto-exploring this place.
 F = Levels seen in this place.
 G = Mean time per level.
                   A        B        C        D        E       F      G
               +--------+--------+--------+--------+--------+-----+--------+
         Total |   5215 |   5108 |    107 |      0 |   3802 |   7 |  745.0 |
       Dungeon |   4704 |   4597 |    107 |      0 |   3483 |   6 |  784.0 |
       Ossuary |    511 |    511 |      0 |      0 |    319 |   1 |  511.0 |
               +--------+--------+--------+--------+--------+-----+--------+

Top non-repeatable levels by time:
     D:4: 1234 daAuts
     D:3: 996 daAuts
     D:2: 934 daAuts
     D:1: 800 daAuts
     D:5: 688 daAuts
 Ossuary: 511 daAuts
     D:6: 49 daAuts
